 Dungeon Crawl Stone Soup version 0.29.1-15-g9cfb28693d (webtiles) character file.

Game seed: 14514943002126492466

4370 Wiggles the Severer (level 10, -2/112 (115) HPs)
             Began as a Minotaur Berserker on Mar 29, 2023.
             Was an Elder of Trog.
             Slain by Joseph
             ... wielding a +6 quarterstaff of draining
              (5 damage)
             ... on level 9 of the Dungeon.
             The game lasted 00:13:09 (9436 turns).

Wiggles the Severer (Minotaur Berserker)            Turns: 9436, Time: 00:13:10

HP:   -2/112 (115)  AC: 11    Str: 26    XL:     10   Next: 13%
MP:   9/9           EV:  9    Int:  4    God:    Trog [****..]
Gold: 444           SH:  0    Dex: 10    Spells: 9/9 levels left

rFire   . . .      SeeInvis .   k - +3 battleaxe (vorpal)
rCold   . . .      Faith    .   (shield currently unavailable)
rNeg    . . .      Spirit   .   f - +0 chain mail
rPois   .          Reflect  .   (helmet restricted)
rElec   .          Harm     .   o - scarf {repulsion}
rCorr   .          Rampage  .   (no gloves)
Will    .....                   h - +2 pair of boots
Stlth   ..........              (no amulet)
HPRegen 0.28/turn               (no ring)
MPRegen 0.11/turn               (no ring)

@: berserking, lethally poisoned (-2 -> -22), marked, lightly drained, repel
missiles, very quick
A: horns 2, retaliatory headbutt
a: Renounce Religion, Berserk, Trog's Hand, Brothers in Arms


You were on level 9 of the Dungeon.
You worshipped Trog.
Trog was greatly pleased with you.
You visited 1 branch of the dungeon, and saw 9 of its levels.

You collected 444 gold pieces.

Inventory:

Hand Weapons
 k - a +3 vorpal battleaxe (weapon)
Missiles
 y - 9 boomerangs (quivered)
Armour
 f - a +0 chain mail (worn)
 h - a +2 pair of boots (worn)
 o - a scarf of repulsion (worn)
Wands
 c - a wand of polymorph (9)
 x - a wand of iceblast (8)
 A - a wand of flame (9)
Scrolls
 a - a scroll of enchant armour
 b - 4 scrolls of butterflies
 e - 3 scrolls of blinking
 g - a scroll of fear
 j - a scroll of teleportation
Potions
 d - 2 potions of attraction
 i - 6 potions of degeneration
 l - 2 potions of magic
 q - 4 potions of lignification
 r - a potion of haste
 s - a potion of curing
 v - 4 potions of flight
 z - 2 potions of invisibility {unknown}
 C - 3 potions of might {unknown}


   Skills:
 - Level 3.6 Fighting
 + Level 16.9 Axes
 + Level 1.5 Throwing
 - Level 2.4 Armour
 - Level 2.1 Dodging
 + Level 2.4 Stealth


You had 9 spell levels left.
You didn't know any spells.
Your spell library was empty.

Dungeon Overview and Level Annotations

Branches:
Dungeon (9/15)             Temple (0/1) D:4            Lair (0/5) D:8
    Orc: D:9-12

Altars:
Dithmenos
Fedhas
Hepliaklqana
Kikubaaqudgha
Makhleb
Nemelex Xobeh
Okawaru
Sif Muna
Uskayaw
Wu Jian
Xom
Yredelemnul
Zin
The Shining One

Shops:
D:1 :   D:6 *

Annotations:
D:7 3 runed translucent doors, ShinQuickMan's ghost, novice DECj; monke's ghost, novice MiFi
D:9 Joseph


Innate Abilities, Weirdness & Mutations

You have a pair of horns on your head.
You reflexively headbutt those who attack you in melee.


Message History

* * * LOW HITPOINT WARNING * * *
You hit the orc warrior.
The orc warrior is severely wounded.
You barely miss Joseph. You slash the killer bee! x2
You closely miss the killer bee.
You feel sick.
The orc warrior hits you but does no damage.
The killer bee stings you.
* * * LOW HITPOINT WARNING * * *
The killer bee closely misses you. You furiously retaliate!
You headbutt the killer bee!!
You kill the killer bee!
Trog accepts your kill. The killer bee stings you.
* * * LOW HITPOINT WARNING * * *
You are lethally poisoned!
The killer bee poisons you!
You slice the orc warrior!!
You feel the power of Trog in you as your rage grows.
You kill the orc warrior!
Trog accepts your kill.
You slash the killer bee!
You kill the killer bee!
Trog accepts your kill.
You slash Joseph! You miss the killer bee. You hit the orc.
You kill the orc!
Trog accepts your kill.
* * * LOW HITPOINT WARNING * * *
You feel very sick.
Joseph unwields a +0 sling.
Joseph wields a +6 quarterstaff of draining.
You sense an unholy aura.
Joseph hits you but does no damage.
You feel drained.
The killer bee stings you but does no damage.
Your life force feels restored.
* * * LOW HITPOINT WARNING * * *
You feel very sick.
The killer bee stings you but does no damage.
Joseph hits you with a +6 quarterstaff of draining!
* * * LOW HITPOINT WARNING * * *
You feel drained.
You die...

#..# #.##.<...........#
#..# #................#
#..# #................#
#..# #................# .
#..# #................# ..
#.....................##...
...........###.............
.........# #.@y).........
.##......# #.@.†.........
#.#####....... #. .......
#. ....... .. ...@... ..
....... ... ......@ #..
.......


You could see Joseph and a killer bee.

Vanquished Creatures
  4 yaks (D:8)
  A steam dragon (D:8)
  A water moccasin (D:7)
  An acid dragon (D:5)
  Duvessa (D:7)
  2 ice beasts
  3 orc warriors
  3 centaurs
  A phantom (D:6)
  5 bullfrogs
  4 scorpions
  9 wights
  Dowan (D:7)
  13 killer bees
  2 howler monkeys
  2 hounds
  2 jellies
  5 orc priests
  5 iguanas
  6 orc wizards
  Robin (D:2)
  7 adders
  2 shadow imps
  2 white imps (D:7)
  2 ufetubi
  3 worms
  5 dart slugs
  29 orcs
  5 bats
  2 endoplasms
  7 giant cockroaches
  17 goblins
  11 hobgoblins
  8 jackals
  A quokka (D:1)
  4 ball pythons
  3 frilled lizards
  8 kobolds
  10 rats
  A spectral kobold (D:1)
199 creatures vanquished.

Vanquished Creatures (others)
  2 plants (D:8)
  6 withered plants (D:7)
8 creatures vanquished.

Grand Total: 207 creatures vanquished

Notes
Turn   | Place    | Note
-------+----------+-------------------------------------------
     0 | D:1      | Wiggles the Minotaur Berserker began the quest for the Orb.
     0 | D:1      | Reached XP level 1. HP: 19/19 MP: 0/0
    46 | D:1      | Reached skill level 4 in Axes
    54 | D:1      | Reached XP level 2. HP: 12/26 MP: 1/1
   562 | D:1      | Found Ustri's Vocational Training.
   602 | D:1      | Reached skill level 5 in Axes
   628 | D:1      | Reached ** piety under Trog
   794 | D:1      | Reached XP level 3. HP: 31/31 MP: 2/2
  1020 | D:1      | Found a faded altar of an unknown god.
  1367 | D:2      | Noticed Robin
  1389 | D:2      | Killed Robin
  1629 | D:2      | Reached XP level 4. HP: 37/39 MP: 3/3
  1671 | D:2      | Reached skill level 6 in Axes
  2033 | D:2      | Found a basalt altar of Yredelemnul.
  3308 | D:4      | Found a staircase to the Ecumenical Temple.
  3455 | D:4      | Identified the +0 robe of Jeogoratwe {rC+}
  3468 | D:4      | Reached XP level 5. HP: 45/45 MP: 4/4
  3528 | D:4      | Found a shadowy altar of Dithmenos.
  3557 | D:4      | Reached skill level 7 in Axes
  3636 | D:4      | Reached *** piety under Trog
  3994 | D:5      | Entered Level 5 of the Dungeon
  4015 | D:5      | Found a shimmering altar of Xom.
  4288 | D:5      | Found a glowing golden altar of the Shining One.
  4377 | D:5      | Reached skill level 8 in Axes
  4381 | D:5      | Reached XP level 6. HP: 22/51 MP: 5/5
  4824 | D:5      | Noticed an acid dragon
  4826 | D:5      | Killed an acid dragon
  4827 | D:5      | Reached skill level 9 in Axes
  4956 | D:5      | Reached skill level 1 in Stealth
  4956 | D:5      | Reached XP level 7. HP: 46/57 MP: 6/6
  5303 | D:6      | Found Zin's Purification Station.
  5303 | D:6      | Found a glowing silver altar of Zin.
  5313 | D:6      | Reached skill level 10 in Axes
  5707 | D:6      | Reached skill level 11 in Axes
  5760 | D:6      | Reached XP level 8. HP: 61/64 MP: 7/7
  5801 | D:6      | Reached skill level 12 in Axes
  6685 | D:7      | Reached skill level 13 in Axes
  6732 | D:7      | Noticed Duvessa
  6733 | D:7      | Noticed Dowan
  6740 | D:7      | Killed Duvessa
  6752 | D:7      | Reached **** piety under Trog
  6754 | D:7      | HP: 2/64 [poisoned by a killer bee]
  6756 | D:7      | Killed Dowan
  6757 | D:7      | Reached XP level 9. HP: 11/70 MP: 5/8
  7052 | D:7      | Reached skill level 14 in Axes
  7055 | D:7      | Reached skill level 1 in Throwing
  7132 | D:7      | Found a runed translucent gate.
  7133 | D:7      | Found a runed translucent gate.
  7134 | D:7      | Found a runed translucent gate.
  7461 | D:7      | Noticed monke's ghost (novice MiFi)
  7461 | D:7      | Noticed ShinQuickMan's ghost (novice DECj)
  7669 | D:7      | Found a shimmering blue altar of Sif Muna.
  7669 | D:7      | Found a burning altar of Makhleb.
  7669 | D:7      | Found a sparkling altar of Nemelex Xobeh.
  7669 | D:7      | Found an ornate altar of the Wu Jian Council.
  7677 | D:7      | Found a hide-covered altar of Uskayaw.
  7682 | D:7      | Found an iron altar of Okawaru.
  8474 | D:8      | Reached skill level 15 in Axes
  8797 | D:8      | Found a blossoming altar of Fedhas.
  8811 | D:8      | Found a staircase to the Lair.
  8839 | D:8      | Reached skill level 16 in Axes
  8847 | D:8      | Reached XP level 10. HP: 39/77 MP: 9/9
  9234 | D:8      | Found a hazy altar of Hepliaklqana.
  9242 | D:8      | Found an ancient bone altar of Kikubaaqudgha.
  9417 | D:9      | Noticed Joseph
  9436 | D:9      | HP: 3/115 [Joseph/+6 quarterstaff of draining (12)]
  9436 | D:9      | Slain by Joseph

Illustrated notes

Levels and vault maps discovered:
D:1:      grunt_arrival_crossed_arrows, layout_loops_corners,
          dreamdust_ecumenical_altar_drowned_temple, nicolae_shop_vocational
D:2:      layout_loops_ring, basic_altar, uniq_robin
D:3:      layout_loops_corners, minivault_27, grunt_decor_arrowhead
D:4:      layout_loops_ring, lemuel_tele_altar, minmay_temple_entry_glass
D:5:      cheibrodos_barr_body, layout_cave_pools, old_standard_altar,
          mainiacjoe_overflow_tiny_flanked
D:6:      layout_basic, zin_purify
D:7:      layout_layer_cave, minmay_overflow_temple_hex,
          gammafunk_ghost_cemetery, uniq_duvessa
D:8:      corexii_shack_village, layout_cave_pools, fedhas_altar_3,
          nicolae_overflow_hidden_temple, kennysheep_mini_moat
D:9:      layout_long_grid, old_standard_altar, orc_0_dummy, uniq_joseph

Skill      XL: |  1  2  3  4  5  6  7  8  9 |
---------------+----------------------------+-----
Axes           | 4 5 6 8 9 11 13 16 | 16.9
Stealth        | 1 2 |  2.4
Throwing       | 1 |  1.5
Fighting       | |  3.6
Armour         | |  2.4
Dodging        | |  2.1

Action                   |  1- 3 |  4- 6 |  7- 9 | 10-12 || total
-------------------------+-------+-------+-------+-------++-------
Melee: Hand axe          |    90 |    75 |       |       ||   165
       Headbutt          |    10 |    20 |    20 |     3 ||    53
       Punch             |       |     1 |     1 |       ||     2
       War axe           |       |    71 |   106 |       ||   177
       Battleaxe         |       |       |    54 |    13 ||    67
Throw: Boomerang         |       |     2 |       |       ||     2
Invok: Berserk           |       |     1 |     3 |     1 ||     5
  Use: Scroll            |       |       |    21 |     2 ||    23
       Potion            |       |       |     1 |       ||     1
Armor: Animal skin       |     8 |       |       |       ||     8
       Leather armour    |    11 |       |       |       ||    11
       Ring mail         |       |    64 |    19 |       ||    83
       Chain mail        |       |       |    67 |    18 ||    85
Dodge: Dodged            |    53 |    88 |    96 |    13 ||   250
       Repelled          |       |     2 |     3 |       ||     5
